 Dungeon Crawl Stone Soup version 0.25.1-8-g42b30a86e7 (webtiles) character file.

Game seed: 17388707876439691990

56 gruber the Stinger (level 3, -2/21 HPs)
             Began as an Octopode Venom Mage on Dec 15, 2020.
             Slain by a black bear (3 damage)
             ... on level 1 of the Dungeon.
             The game lasted 00:01:38 (2188 turns).

gruber the Stinger (Octopode Venom Mage)            Turns: 2188, Time: 00:01:39

Health: -2/21      AC:  1    Str:  7    XL:     3   Next: 97%
Magic:  6/6        EV: 13    Int: 18    God:
Gold:   105        SH:  0    Dex: 12    Spells: 5/6 levels left

rFire    . . .     SeeInvis .   g - +0 short sword
rCold    . . .     Gourm    .   (no shield)
rNeg     . . .     Faith    .   (helmet restricted)
rPois    .         Spirit   .   (no amulet)
rElec    .         Reflect  .   h - ring of attention (curse)
rCorr    .         Harm     .   (no ring)
MR       .....                  (no ring)
Stlth    ++........             (no ring)
HPRegen  0.07/turn              (no ring)
MPRegen  0.10/turn              (no ring)
                                (no ring)
                                (no ring)

@: no status effects
A: almost no armour, stealthy swim, amphibious, 8 rings, constrict 8, camouflage
1, gelatinous body 1
a: no special abilities


You were on level 1 of the Dungeon.
You were not hungry.

You visited 1 branch of the dungeon, and saw 2 of its levels.

You collected 105 gold pieces.

Inventory:

Hand Weapons
 g - a +0 short sword (weapon)
Jewellery
 h - a cursed ring of attention (left tentacle)
Wands
 i - a wand of enslavement (9)
Scrolls
 c - 2 scrolls of immolation {unknown}
 d - a scroll of amnesia {unknown}
 f - 2 scrolls of fear {unknown}
 j - a scroll of random uselessness {unknown}
 k - a scroll of enchant weapon {unknown}
Potions
 e - a potion of degeneration {unknown}
 l - a potion of ambrosia {unknown}
Comestibles
 a - a chunk of flesh
 b - 7 rations


   Skills:
 - Level 2.0 Dodging
 - Level 2.6 Stealth
 - Level 2.0 Spellcasting
 - Level 1.0 Transmutations
 + Level 5.7 Poison Magic


You had 5 spell levels left.
You knew the following spells:

 Your Spells              Type           Power        Failure   Level  Hunger
a - Sting                 Tmut/Pois      ##..         4%          1    #......

Your spell library contained the following spells:

 Spells                   Type           Power        Failure   Level  Hunger
 Poisonous Vapours        Pois/Air       ##....       9%          2    ###....
 Olgreb's Toxic Radiance  Pois           ###.....     17%         4    #####..
 Ignite Poison            Fire/Tmut/Pois #.......     22%         3    ###....
 Mephitic Cloud           Conj/Pois/Air  #.......     24%         3    ###....


Dungeon Overview and Level Annotations

Branches:
Dungeon (2/15)

Altars:
Okawaru


Innate Abilities, Weirdness & Mutations

You cannot wear most types of armour.
You are very stealthy in the water. (Stealth+)
You are amphibious.
You can wear up to eight rings at the same time.
You can use your tentacles to constrict eight enemies at once.
Your skin changes colour to match your surroundings (Stealth+).
Your rubbery body absorbs attacks. (AC +1, EV +1)


Message History

You barely miss the black bear. You grab the black bear.
You constrict the black bear. The black bear closely misses you.
The black bear completely misses you. The black bear closely misses you.
Unknown command.
Unknown command.
You release your grip on the black bear.
There is a stone staircase leading up here.
The black bear closely misses you. The black bear barely misses you.
The black bear claws you.
You climb upwards.
There is a stone staircase leading down here.
The black bear bites you! The black bear misses you.
The black bear completely misses you. The black bear barely misses you.
The black bear claws you.
* * * LOW HITPOINT WARNING * * *
The black bear barely misses you. The black bear bites you.
* * * LOW HITPOINT WARNING * * *
The black bear claws you.
You die...

######## #......###
#........###########
#..................#
#......#.........#.#
#......+.........#.#
#......######....#.#
#......######.#.##.#####
#..>..h@................
#.............#########.
#.......####### #.
##......# #. #.......#
#. #......## ## #......#
# #......# # #......# #


You could see a black bear.

Vanquished Creatures
  An adder (D:2)
  4 dart slugs
  3 leopard geckos
  A ball python (D:2)
  2 giant cockroaches
  A hobgoblin (D:1)
  9 kobolds
  4 bats
  3 frilled lizards
  3 goblins (D:1)
  5 rats
36 creatures vanquished.

Notes
Turn   | Place    | Note
-------+----------+-------------------------------------------
     0 | D:1      | gruber the Octopode Venom Mage began the quest for the Orb.
     0 | D:1      | Reached XP level 1. HP: 11/11 MP: 3/3
    31 | D:1      | Reached skill level 4 in Poison Magic
   326 | D:1      | Reached XP level 2. HP: 17/17 MP: 5/5
  1117 | D:1      | Reached skill level 5 in Poison Magic
  1117 | D:1      | Reached XP level 3. HP: 21/21 MP: 3/6
  1459 | D:2      | Found an iron altar of Okawaru.
  2156 | D:2      | Noticed a black bear
  2188 | D:1      | HP: 1/21 [black bear (6)]
  2188 | D:1      | Slain by a black bear

Illustrated notes

Levels and vault maps discovered:
D:1:      dpeg_arrival_rooms_c, layout_basic, minmay_misc_feat_encased
D:2:      layout_basic, okawaru_trees_1, uniq_natasha

Skill      XL: |  1  2 |
---------------+-------+-----
Poison Magic   | 4 5 |  5.7
Dodging        | |  2.0
Stealth        | |  2.6
Spellcasting   | |  2.0
Transmutations | |  1.0

Action                   || total
-------------------------++-------
Melee: Unarmed           ||    43
       Constrict         ||    21
       Tentacles         ||     7
       Short sword       ||    27
 Cast: Sting             ||    21
 Stab: Sleeping          ||    11
  Eat: Chunk             ||     4
Armor: Skin              ||     7
Dodge: Dodged            ||    45
